 Dungeon Crawl Stone Soup version 0.28.0-47-ge53b351184 (webtiles) character file.

Game seed: 4333700256863729578

1249 Eitelfritz the Slasher (level 8, 0/58 HPs)
             Began as a Demonspawn Gladiator on Apr 28, 2022.
             Was an Initiate of Makhleb.
             Slain by a gnoll
             ... wielding a +0 halberd
              (7 damage)
             ... on level 5 of the Dungeon.
             The game lasted 00:08:26 (4934 turns).

Eitelfritz the Slasher (Demonspawn Gladiator)       Turns: 4934, Time: 00:08:26

Health: 0/58       AC: 12    Str: 17    XL:     8   Next: 26%
Magic:  8/8        EV:  6    Int:  9    God:    Makhleb [......]
Gold:   192        SH: 10    Dex: 15    Spells: 7/7 levels left

rFire   . . .      SeeInvis .   a - +0 long sword
rCold   . . .      Faith    .   j - +1 kite shield {AC+3}
rNeg    . . .      Spirit   .   e - +0 chain mail
rPois   .          Reflect  .   (helmet restricted)
rElec   .          Harm     .   (no cloak)
rCorr   .          Rampage  .   (no gloves)
Will    .....                   (no boots)
Stlth   ..........              (no amulet)
HPRegen 0.19/turn               (no ring)
MPRegen 0.11/turn               (no ring)

@: lit by a corona, glowing
A: antennae 2, foul stench 1
a: Renounce Religion


You were on level 5 of the Dungeon.
You worshipped Makhleb.
Makhleb was noncommittal.
You visited 1 branch of the dungeon, and saw 5 of its levels.

You collected 232 gold pieces.
You spent 40 gold pieces at shops.

Inventory:

Hand Weapons
 a - a +0 long sword (weapon)
 m - a +0 hand crossbow
Missiles
 f - 4 boomerangs (quivered)
 k - 6 poisoned darts
Armour
 b - a +0 leather armour
 e - a +0 chain mail (worn)
 j - a +1 kite shield of protection (worn)
Jewellery
 l - a +6 ring of intelligence
Wands
 i - a wand of mindburst (20)
Scrolls
 c - 5 scrolls of identify
 g - 3 scrolls of teleportation
Potions
 h - a potion of mutation


   Skills:
 + Level 3.5 Fighting
 + Level 5.9 Long Blades
 + Level 2.1 Throwing
 + Level 4.6 Armour
 + Level 3.5 Dodging
 + Level 1.2 Stealth
 + Level 3.4 Shields


You had 7 spell levels left.
You didn't know any spells.
Your spell library contained the following spells:

 Spells                   Type           Power      Damage    Failure   Level
 Beastly Appendage        Tmut           0%         N/A       100%        1
 Blink                    Tloc           0%         N/A       100%        2
 Wereblood                Tmut           0%         N/A       100%        2
 Lesser Beckoning         Tloc           0%         N/A       100%        3
 Spider Form              Tmut/Pois      0%         N/A       100%        3
 Manifold Assault         Tloc           0%         N/A       100%        5


Dungeon Overview and Level Annotations

Branches:
Dungeon (5/15)
 Temple: D:4-7

Altars:
Dithmenos
Kikubaaqudgha
Makhleb
Okawaru
Uskayaw

Shops:
D:1 ?   D:2 (!(   D:4 (

Annotations:
D:5 3 runed translucent doors, Doot's ghost, novice DDEE; supermoro's ghost, weakling DECj


Innate Abilities, Weirdness & Mutations

You have a pair of antennae on your head.
You may rarely emit foul miasma when damaged in melee.


Message History

The orc shouts!
You hit the gnoll.
The gnoll is lightly wounded.
The gnoll hits you with a +0 halberd.
You barely miss the gnoll.
The gnoll is lightly wounded.
The gnoll hits you with a +0 halberd!
You hit the gnoll but do no damage.
The gnoll is lightly wounded.
The gnoll barely misses you. The gnoll hits you with a +0 halberd!
You hit the gnoll.
The gnoll is severely wounded.
The gnoll barely misses you.
You closely miss the gnoll.
The gnoll is severely wounded.
The gnoll hits you but does no damage.
You hit the gnoll but do no damage.
The gnoll is severely wounded.
The gnoll hits you with a +0 halberd!
* * * LOW HITPOINT WARNING * * *
You completely miss the gnoll.
The gnoll is severely wounded.
You block the gnoll's attack. The gnoll hits you with a +0 halberd.
* * * LOW HITPOINT WARNING * * *
You hit the gnoll.
The gnoll is severely wounded.
The gnoll hits you with a +0 halberd.
* * * LOW HITPOINT WARNING * * *
You barely miss the gnoll.
The gnoll is severely wounded.
The gnoll hits you but does no damage.
You hit the gnoll but do no damage.
The gnoll is severely wounded.
The gnoll hits you with a +0 halberd.
* * * LOW HITPOINT WARNING * * *
The gnoll barely misses you.
You closely miss the gnoll.
The gnoll is severely wounded.
The gnoll hits you with a +0 halberd!
You die...

### #####.####
#..#@###.## ###
###g## ##.## #.#
#o{####..## ###.#
#o....##..#####...#
##..............<...
#..###.....######...
#..# ###...# ##..
.#######.## ##..#
##. og..g{.g.# #..#
##


You could see a gnoll and 2 orcs.

Vanquished Creatures
  Pikel (D:4)
  Sigmund (D:2)
  A black bear (D:4)
  2 ogres
  A centaur zombie (D:5)
  2 hounds
  A gnoll shaman (D:5)
  An orc wizard (D:3)
  An iguana (D:4)
  4 gnolls
  9 adders
  3 dart slugs
  4 orcs
  3 bats
  10 endoplasms
  4 giant cockroaches
  7 goblins
  7 hobgoblins
  3 quokkas
  8 ball pythons
  5 frilled lizards
  8 kobolds
  7 rats
93 creatures vanquished.

Vanquished Creatures (others)
  6 plants (D:2)
  5 toadstools (D:4)
11 creatures vanquished.

Grand Total: 104 creatures vanquished

Notes
Turn   | Place    | Note
-------+----------+-------------------------------------------
     0 | D:1      | Eitelfritz the Demonspawn Gladiator began the quest for the
                  | Orb.
     0 | D:1      | Reached XP level 1. HP: 16/16 MP: 1/1
   104 | D:1      | Found Gaurrapp's Magic Scroll Boutique.
   246 | D:1      | Gained mutation: You have a pair of small antennae on your
                  | head. [demonic ancestry]
   246 | D:1      | Reached XP level 2. HP: 22/22 MP: 2/2
   578 | D:1      | Reached skill level 3 in Long Blades
   787 | D:1      | Reached XP level 3. HP: 27/27 MP: 3/3
   841 | D:1      | Found a faded altar of an unknown god.
  1105 | D:2      | Noticed Sigmund
  1112 | D:2      | Killed Sigmund
  1113 | D:2      | Reached skill level 4 in Long Blades
  1113 | D:2      | Reached XP level 4. HP: 26/34 MP: 4/4
  1113 | D:2      | Reached XP level 5. HP: 30/39 MP: 5/5
  1183 | D:2      | Found Paykaef's Antique Weapon Boutique.
  1429 | D:2      | Found Qitoarovoo's Distillery.
  1437 | D:2      | Bought a potion of degeneration for 10 gold pieces
  1437 | D:2      | Bought a potion of curing for 30 gold pieces
  1829 | D:2      | Found Hoyt's Antique Weapon Shoppe.
  2075 | D:3      | Reached skill level 1 in Shields
  2077 | D:3      | Reached XP level 6. HP: 38/46 MP: 6/6
  2812 | D:3      | Found a shadowy altar of Dithmenos.
  3238 | D:4      | Reached skill level 1 in Stealth
  3242 | D:4      | Gained mutation: You have a pair of antennae on your head.
                  | [demonic ancestry]
  3242 | D:4      | Reached XP level 7. HP: 28/52 MP: 7/7
  3391 | D:4      | Found a burning altar of Makhleb.
  3398 | D:4      | Became a worshipper of Makhleb the Destroyer
  3469 | D:4      | You fall into a shaft and drop 1 floor!
  3469 | D:5      | Entered Level 5 of the Dungeon
  3655 | D:5      | Found a runed translucent gate.
  3660 | D:5      | Found a runed translucent gate.
  3661 | D:5      | Found a runed translucent gate.
  3662 | D:5      | Noticed Doot's ghost (novice DDEE)
  3662 | D:5      | Noticed supermoro's ghost (weakling DECj)
  3673 | D:5      | Noticed Pikel
  3679 | D:4      | Found an iron altar of Okawaru.
  3681 | D:4      | Found a hide-covered altar of Uskayaw.
  4182 | D:4      | Reached skill level 5 in Long Blades
  4237 | D:4      | Found Bisiam's Weapon Shoppe.
  4308 | D:4      | Found an ancient bone altar of Kikubaaqudgha.
  4648 | D:4      | Killed Pikel
  4649 | D:4      | Gained mutation: You may rarely emit foul miasma when
                  | damaged in melee. [demonic ancestry]
  4649 | D:4      | Reached XP level 8. HP: 22/58 MP: 8/8
  4934 | D:5      | Slain by a gnoll

Illustrated notes

Levels and vault maps discovered:
D:1:      beargit_arrival_diablo_church, layout_loops_ring, serial_shops, shop,
          chequers_ecumenical_altar_lobes
D:2:      layout_basic, serial_shops, shop, nicolae_shop_hallway_stairs,
          nicolae_square_shop, serial_bayou_pond_a, uniq_sigmund
D:3:      layout_basic, mainiacjoe_overflow_paths
D:4:      layout_loops_ring, makhleb_blood_cavern_becter,
          kiku_gazebo_pond_becter, chequers_temple_overflow_statue_of_worship,
          serial_shops, nicolae_shop_bloodbath_and_beyond,
          minmay_gold_behind_fungi
D:5:      layout_layer_cave, amcnicky_altar_gilded, serial_shops,
          kennysheep_little_box, gammafunk_ghost_cemetery,
          nicolae_shop_unique_rings, chequers_serial_rivers_micro_a,
          chequers_serial_rivers_micro_a, uniq_pikel, uniq_menkaure

Skill      XL: |  1  2  3  4  5  6  7 |
---------------+----------------------+-----
Dodging        | 3 |  3.5
Long Blades    | 3 4 5 |  5.9
Armour         | 2 3 4 |  4.6
Shields        | 1 2 3 |  3.4
Fighting       | 3 |  3.5
Stealth        | 1 |  1.2
Throwing       | 2 |  2.1

Action                   |  1- 3 |  4- 6 |  7- 9 || total
-------------------------+-------+-------+-------++-------
Melee: Long sword        |    75 |   154 |   147 ||   376
Throw: Throwing net      |     1 |     1 |     2 ||     4
  Use: Scroll            |       |     3 |       ||     3
       Potion            |       |       |     3 ||     3
 Stab: Held in net/web   |     1 |       |       ||     1
Armor: Chain mail        |    39 |    83 |   115 ||   237
       Leather armour    |     2 |       |       ||     2
Dodge: Dodged            |    16 |    52 |    52 ||   120
Block: Kite shield       |       |    79 |   113 ||   192
